 Dungeon Crawl Stone Soup version 0.30.1-11-g7821555f0a (webtiles) character file.

Game seed: 12121915351485337972

37 xaleb the Chopper (level 3, 0/49 HPs)
             Began as a Minotaur Berserker on Nov 25, 2023.
             Was a Follower of Trog.
             Slain by Sigmund
             ... wielding a +0 scythe of flaming
              (11 damage)
             ... on level 2 of the Dungeon.
             The game lasted 00:05:35 (879 turns).

xaleb the Chopper (Minotaur Berserker)               Turns: 879, Time: 00:05:36

Health: 0/49       AC:  2    Str: 23    XL:     3   Next: 21%
Magic:  2/2        EV:  9    Int:  4    God:    Trog [*.....]
Gold:   122        SH:  0    Dex:  9    Spells: 2/2 levels left

rFire   . . .        a - +0 hand axe
rCold   . . .        (no shield)
rNeg    . . .        b - +0 animal skin
rPois   .            (helmet restricted)
rElec   .            (no cloak)
rCorr   .            (no gloves)
SInv    .            (no boots)
Will    .....        (no amulet) Stlth
                     (no ring)
HPRegen 0.28/turn    (no ring)
MPRegen 0.08/turn

%: no passive effects
@: confused, berserking (expiring), grasped by roots, constricted, very quick
A: horns 2, retaliatory headbutt
a: Renounce Religion, Berserk


You were on level 2 of the Dungeon.
You worshipped Trog.
Trog was aware of your devotion.
You visited 1 branch of the dungeon, and saw 2 of its levels.

You collected 122 gold pieces.

Inventory:

Hand Weapons
 a - a +0 hand axe (weapon)
Missiles
 q - 4 atropa-tipped darts (quivered)
Armour
 b - a +0 animal skin (worn)
 k - a +0 leather armour
Jewellery
 l - a ring of wizardry
Wands
 n - a wand of polymorph (3)
Scrolls
 c - a scroll of poison {unknown}
 g - a scroll of enchant weapon {unknown}
 h - 3 scrolls of teleportation {unknown}
 p - 3 scrolls of enchant armour {unknown}
 r - a scroll of identify {unknown}
Potions
 d - a potion of magic {unknown}
 e - a potion of degeneration {unknown}
 f - a potion of cancellation {unknown}
 i - 2 potions of curing {unknown}
 j - a potion of attraction {unknown}
 m - a potion of heal wounds {unknown}
 o - a potion of mutation {unknown}


   Skills:
 - Level 3.8 Fighting
 + Level 4.8 Axes
 - Level 2.7 Armour
 - Level 2.4 Dodging


You had 2 spell levels left.
You didn't know any spells.
Your spell library was empty.

Dungeon Overview and Level Annotations

Branches:
Dungeon (2/15)

Altars:

Annotations:
D:2 Sigmund


Innate Abilities, Weirdness & Mutations

You have a pair of horns on your head.
You reflexively headbutt those who attack you in melee.


Message History

You hear a zap.
The roots erupt in riotous growth!
The grasping roots grab you!
You are constricted.
* * * LOW HITPOINT WARNING * * *
You hear a shout!
You escape the roots grasp.
You feel the effects of Trog's Hand fading.
You hear a zap.
The roots erupt in riotous growth!
The grasping roots grab you!
You are constricted.
* * * LOW HITPOINT WARNING * * *
You hear an angry hiss.
You escape the roots grasp.
You hear a zap.
The roots erupt in riotous growth!
The grasping roots grab you!
You are constricted.
* * * LOW HITPOINT WARNING * * *
You hear an angry hiss.
You escape the roots grasp.
Your skin stops crawling.
You feel less strong-willed.
You are too injured to fight recklessly!
A red film seems to cover your vision as you go berserk!
You feel yourself moving faster!
You feel mighty! Something barely misses you.
You feel a strong urge to attack something.
You closely miss something.
You hear a zap.
The roots erupt in riotous growth!
The grasping roots grab you!
You are constricted.
You slash something!
You hear some strange, mumbled words.
You are confused.
You are constricted.
* * * LOW HITPOINT WARNING * * *
You closely miss something.
You bump into the rock wall.
Something hits you!
You die...

#.# #... #.#
...#
########.#(.###.
#...............
#..........#####
#........###
####...####
#..## #.{..###
.... #####@####
... ####.....#
.. #......###
#.## #......#
#..###......#
#)#........#
#####...#......#
......>##†.....#
#########......#


There were no monsters in sight!

Vanquished Creatures
  2 ball pythons
  3 endoplasms (D:1)
  2 giant cockroaches (D:1)
  2 goblins (D:1)
  4 hobgoblins
  4 jackals (D:2)
  2 kobolds (D:1)
  A quokka (D:1)
  9 bats
29 creatures vanquished.

Notes
Turn   | Place    | Note
-------+----------+-------------------------------------------
     0 | D:1      | xaleb the Minotaur Berserker began the quest for the Orb.
     0 | D:1      | Reached XP level 1. HP: 19/19 MP: 0/0
    78 | D:1      | Reached XP level 2. HP: 23/27 MP: 1/1
   122 | D:1      | Reached skill level 4 in Axes
   618 | D:2      | Reached ** piety under Trog
   619 | D:2      | Reached XP level 3. HP: 33/33 MP: 2/2
   854 | D:2      | Noticed Sigmund
   879 | D:2      | Slain by Sigmund

Illustrated notes

Levels and vault maps discovered:
D:1:      tarquinn_simple_flora_water_b, layout_basic, palyth_stone_intersect
D:2:      layout_basic, shapermc_ecumenical_altar_notcrosses, uniq_sigmund

Skill      XL: |  1  2 |
---------------+-------+-----
Axes           | 4 |  4.8
Fighting       | |  3.8
Armour         | |  2.7
Dodging        | |  2.4

Action                     || total
---------------------------++-------
  Melee: Hand axe          ||    53
         Headbutt          ||     4
 Invoke: Berserk           ||     2
         Trog's Hand       ||     1
 Armour: Animal skin       ||     7
  Dodge: Dodged            ||    57
